 Dungeon Crawl Stone Soup version 0.27-a0-489-g24c7b1a3ef (webtiles) character file.

Game seed: 5996428431078735280

126 jasper the Twirler (level 4, 0/25 HPs)
             Began as a Deep Elf Gladiator on Mar 1, 2021.
             Splashed by a jelly's acid (4 damage)
             ... on level 2 of the Dungeon.
             The game lasted 00:03:26 (3195 turns).

jasper the Twirler (Deep Elf Gladiator)             Turns: 3195, Time: 00:03:26

Health: 0/25       AC: -2    Str: 11 (12) XL:     4   Next: 84%
Magic:  6/6        EV: 11    Int: 11 (13) God:
Gold:   97         SH:  0    Dex: 14 (16) Spells: 3/3 levels left

rFire    . . .     SeeInvis .   a - +0 quarterstaff
rCold    . . .     Faith    .   (shield currently unavailable)
rNeg     . . .     Spirit   .   m - +0 ring mail
rPois    .         Reflect  .   c - +0 helmet
rElec    .         Harm     .   (no cloak)
rCorr    .         Rampage  .   (no gloves)
Will     .....                  (no boots)
Stlth    +.........             (no amulet)
HPRegen  0.08/turn              (no ring)
MPRegen  0.10/turn              (no ring)

@: corroded
A: no striking features
a: no special abilities


You were on level 2 of the Dungeon.
You visited 1 branch of the dungeon, and saw 3 of its levels.

You collected 97 gold pieces.

Inventory:

Hand Weapons
 a - a +0 quarterstaff (weapon)
Missiles
 h - a throwing net
 j - 87 stones (quivered)
Armour
 b - a +0 leather armour
 c - a +0 helmet (worn)
 m - a +0 ring mail (worn)
Jewellery
 g - an amulet of regeneration
Scrolls
 d - a scroll of enchant armour {unknown}
 f - a scroll of enchant weapon {unknown}
 i - 2 scrolls of random uselessness
 l - 2 scrolls of teleportation {unknown}
 o - a scroll of amnesia {unknown}
 p - a scroll of identify {unknown}
Potions
 e - 2 potions of degeneration
 k - a potion of curing {unknown}
 n - a potion of lignification {unknown}


   Skills:
 - Level 1.5 Fighting
 + Level 5.6 Staves
 - Level 2.0 Throwing
 - Level 3.6 Dodging


You had 3 spell levels left.
You didn't know any spells.
Your spell library was empty.

Dungeon Overview and Level Annotations

Branches:
Dungeon (3/15)

Altars:
Sif Muna


Message History

The goblin shouts!
The hobgoblin shouts!
The orc shouts! x2
The orc priest shouts!
You hear a shout!
Found four items.
Found a stone staircase leading up.
There is a stone staircase leading up here.
There are monsters nearby!
You climb upwards.
There is a stone staircase leading down here.
The jelly quivers.
A jelly is nearby!
You can't go down here!
Throw: 89 stones
Press: ? - help, Q - select action, (/) - cycle Shift-Dir - straight line, f - jelly
Aim: a jelly (89% to hit)
You throw a stone.
The stone hits the jelly but does no damage.
Throw: 88 stones
Press: ? - help, Q - select action, (/) - cycle Shift-Dir - straight line, f/p - jelly
Aim: a jelly (89% to hit)
You throw a stone. The stone hits the jelly.
The jelly is lightly wounded.
The jelly hits you but does no damage.
You hit the jelly but do no damage. The acid corrodes you!
Your hands burn!
The jelly is lightly wounded.
The jelly barely misses you.
You take 2 damage, and have 23/25 hp.
You hit the jelly but do no damage.
Your hands burn!
The jelly is lightly wounded.
The jelly hits you but does no damage.
You take 3 damage, and have 20/25 hp.
You hit the jelly.
Your hands burn!
The jelly is moderately wounded.
The jelly misses you.
You take 1 damage, and have 19/25 hp.
You hit the jelly. The acid corrodes you!
Your hands burn!
The jelly is heavily wounded.
The jelly hits you.
You are splashed with acid!
* * * LOW HITPOINT WARNING * * *
You take 15 damage, and have 4/25 hp.
MASSIVE DAMAGE!!
You hit the jelly.
Your hands burn!
You die...

....#
##...♣♣♣♣♣_.♣♣##.##
....# ##.#.♣♣♣♣♣♣♣♣
#..# ....#
#.....♣♣.♣.♣♣♣♣.##
....#
#...............#
#####
#...)).....#....# #
#............####
###########
#...(......###
#.........#
#...J.>....#
#.........#
#...@......#
#.........#
####.#######
..........# #..#
..........#####.##
.............#..#
#.....>...##...##
#..<.......#####
#..........###
##########...#


You could see a jelly.

Vanquished Creatures
  A worker ant (D:2)
  3 adders (D:2)
  4 oozes
  A worm (D:2)
  2 dart slugs (D:1)
  A leopard gecko (D:2)
  A giant cockroach (D:1)
  7 goblins
  8 hobgoblins
  2 jackals (D:1)
  6 frilled lizards
  12 kobolds
  7 rats
55 creatures vanquished.

Vanquished Creatures (others)
  5 fungi (D:2)
  8 toadstools (D:2)
13 creatures vanquished.

Grand Total: 68 creatures vanquished

Notes
Turn   | Place    | Note
-------+----------+-------------------------------------------
     0 | D:1      | jasper the Deep Elf Gladiator began the quest for the Orb.
     0 | D:1      | Reached XP level 1. HP: 12/12 MP: 3/3
   287 | D:1      | Reached XP level 2. HP: 12/16 MP: 4/4
   699 | D:1      | Reached skill level 4 in Staves
   778 | D:1      | Reached XP level 3. HP: 12/20 MP: 5/5
  1396 | D:2      | Reached skill level 5 in Staves
  1396 | D:2      | Reached XP level 4. HP: 17/25 MP: 6/6
  2065 | D:2      | Found a faded altar of an unknown god.
  2156 | D:2      | Became a worshipper of Sif Muna the Loreminder
  2156 | D:2      | Reached * piety under Sif Muna
  2157 | D:2      | Fell from the grace of Sif Muna
  3195 | D:2      | Splashed by a jelly's acid

Illustrated notes

Levels and vault maps discovered:
D:1:      wander_arrival_lonely_grave, layout_loops_ring
D:2:      cheibrodos_fertilizer, layout_rooms, chequers_ecumenical_altar_grove
D:3:      layout_rooms, yredelemnul_forgotten_temple_becter,
          grunt_ministairs_10, st_stairs_1

Skill      XL: |  1  2  3 |
---------------+----------+-----
Staves         | 4 5 |  5.6
Fighting       | |  1.5
Throwing       | |  2.0
Dodging        | |  3.6

Action                   |  1- 3 |  4- 6 || total
-------------------------+-------+-------++-------
Melee: Quarterstaff      |   104 |    89 ||   193
Throw: Throwing net      |     6 |     1 ||     7
       Stone             |       |     2 ||     2
Invok: Renounce Religion |       |     1 ||     1
  Use: Potion            |     2 |       ||     2
       Scroll            |     1 |       ||     1
 Stab: Held in net/web   |     1 |       ||     1
       Sleeping          |     1 |       ||     1
Armor: Leather armour    |    21 |     2 ||    23
       Ring mail         |       |    26 ||    26
Dodge: Dodged            |    60 |    56 ||   116

Table legend: (Time is in decaauts)
 A = Elapsed time spent in this place.
 B = Non-inter-level travel time spent in this place.
 C = Inter-level travel time spent in this place.
 D = Time resting spent in this place.
 E = Time spent auto-exploring this place.
 F = Levels seen in this place.
 G = Mean time per level.
                   A        B        C        D        E       F      G
               +--------+--------+--------+--------+--------+-----+--------+
         Total |   3211 |   3085 |    126 |   1403 |   1187 |   3 | 1070.3 |
       Dungeon |   3211 |   3085 |    126 |   1403 |   1187 |   3 | 1070.3 |
               +--------+--------+--------+--------+--------+-----+--------+

Top non-repeatable levels by time:
     D:1: 1822 daAuts
     D:2: 1388 daAuts
     D:3: 1 daAuts
